 Dungeon Crawl Stone Soup version 0.29-a0-1065-g47a6bb87d6 (webtiles) character file.

Game seed: 14392275505116583834

381 Petya the Skirmisher (level 6, -11/50 HPs)
             Began as a Minotaur Hunter on Aug 18, 2022.
             Was a Believer of Sif Muna.
             Mangled by a two-headed ogre
             ... wielding a +0 giant spiked club
              (19 damage)
             ... on level 5 of the Dungeon.
             The game lasted 00:19:56 (4525 turns).

Petya the Skirmisher (Minotaur Hunter)              Turns: 4525, Time: 00:19:56

Health: -11/50     AC:  8    Str: 14 (17) XL:     6   Next: 46%
Magic:  5/5        EV:  6    Int:  3 (6)  God:    Sif Muna [**....]
Gold:   187        SH:  0    Dex: 13 (15) Spells: 5/5 levels left

rFire   . . .      SeeInvis .   a - +1 shortbow
rCold   . . .      Faith    .   (shield currently unavailable)
rNeg    . . .      Spirit   .   j - +0 chain mail
rPois   +          Reflect  .   (helmet restricted)
rElec   .          Harm     .   (no cloak)
rCorr   +          Rampage  .   (no gloves)
Will    .....                   (no boots)
Stlth   ..........              (no amulet)
HPRegen 0.16/turn               d - +6 ring of dexterity
MPRegen 0.09/turn               e - ring "Xamij" {rPois rCorr Dex-5 Stlth+}

@: no status effects
A: horns 2, retaliatory headbutt
a: Renounce Religion, Channel Magic


You were on level 5 of the Dungeon.
You worshipped Sif Muna.
Sif Muna was pleased with you.
You visited 1 branch of the dungeon, and saw 5 of its levels.

You collected 187 gold pieces.

Inventory:

Hand Weapons
 a - a +1 shortbow (weapon)
Armour
 j - a +0 chain mail (worn)
Jewellery
 d - a +6 ring of dexterity (left hand)
 e - the ring "Xamij" (right hand) {rPois rCorr Dex-5 Stlth+}
   (You acquired it on level 3 of the Dungeon)

   [ring of resist corrosion]

   Dex:       It affects your dexterity (-5).
   rPois:     It protects you from poison.
   rCorr:     It protects you from acid and corrosion.
   Stlth:     It makes you more stealthy.
 p - an amulet of guardian spirit
Scrolls
 b - 4 scrolls of immolation
 f - 2 scrolls of identify
 h - a scroll of acquirement
 m - a scroll of poison
Potions
 g - a potion of curing
 n - a potion of berserk rage


   Skills:
 - Level 2.5 Fighting
 * Level 8.5 Ranged Weapons
 - Level 2.2 Dodging
 - Level 0.8 Stealth


You had 5 spell levels left.
You didn't know any spells.
Your spell library contained the following spells:

 Spells                   Type           Power      Damage    Failure   Level
 Foxfire                  Conj/Fire      0%         2x1d4     100%        1
 Confusing Touch          Hex            0%         N/A       100%        3
 Conjure Flame            Conj/Fire      0%         6-21      100%        3
 Inner Flame              Hex/Fire       0%         N/A       100%        3
 Animate Dead             Necr           0%         N/A       100%        4
 Flame Wave               Conj/Fire      0%         2d4       100%        4
 Yara's Violent Unravell  Hex/Tmut       0%         3d3       100%        5
 Enfeeble                 Hex            0%         N/A       100%        7
 Haunt                    Necr/Summ      0%         N/A       100%        7
 Infestation              Necr           0%         N/A       100%        8


Dungeon Overview and Level Annotations

Branches:
Dungeon (5/15)
 Temple: D:4-7

Altars:
Cheibriados
Sif Muna

Shops:
D:4 *


Innate Abilities, Weirdness & Mutations

You have a pair of horns on your head.
You reflexively headbutt those who attack you in melee.


Message History

You shoot an arrow. The arrow hits the two-headed ogre.
The two-headed ogre is lightly wounded.
You shoot an arrow. The arrow hits the two-headed ogre.
The two-headed ogre is lightly wounded.
The two-headed ogre barely misses you.
The two-headed ogre hits you with a +0 giant spiked club!
You shoot an arrow. The arrow hits the two-headed ogre.
The two-headed ogre is lightly wounded.
The two-headed ogre barely misses you.
The two-headed ogre hits you with a +0 giant spiked club!!
* * * LOW HITPOINT WARNING * * *
You are too injured to fight recklessly!
You are too injured to fight recklessly!
You are too injured to fight recklessly!
There is an open door here.
You feel much better. The two-headed ogre barely misses you.
The two-headed ogre hits you with a +0 giant spiked club.
You shoot an arrow.
The arrow completely misses the two-headed ogre.
The two-headed ogre hits you with a +0 giant spiked club! x2
You shoot an arrow.
The arrow hits the two-headed ogre but does no damage.
The two-headed ogre is lightly wounded.
The two-headed ogre barely misses you.
The two-headed ogre hits you with a +0 giant spiked club!!
Ouch! That really hurt!
* * * LOW HITPOINT WARNING * * *
Press: ? - help, v - describe, . - travel
Here: a two-headed ogre, wielding two +0 giant spiked clubs (lightly wounded)
The floor, spattered with blood.
You feel better.
You feel much better.
The two-headed ogre hits you with a +0 giant spiked club!
* * * LOW HITPOINT WARNING * * *
The two-headed ogre hits you with a +0 giant spiked club.
* * * LOW HITPOINT WARNING * * *
The two-headed ogre attacks as you move away!
The two-headed ogre closely misses you.
The two-headed ogre hits you with a +0 giant spiked club!!
You die...

..........#
............#
...........†.#
.............#
............#
..
#..........#
..#
#..........#
...#
#.......)..#
#..#
#.....@...##
#..#
#####.O.###
.###..###
##.###
.....)..###..#
........'...##
.....>..#####
........#
#########


You could see a two-headed ogre.

Vanquished Creatures
  A scorpion (D:4)
  A hound (D:3)
  2 orc priests (D:4)
  An iguana (D:4)
  8 adders
  4 gnolls
  An ufetubus (D:4)
  2 worms (D:2)
  The ghost of drugrobin the Sneak, a weakling DgDe (D:3)
  2 dart slugs (D:3)
  7 orcs
  A ball python (D:2)
  3 endoplasms
  6 giant cockroaches
  8 goblins
  6 hobgoblins
  9 kobolds
  2 quokkas
  6 bats
  6 frilled lizards
  2 rats (D:3)
79 creatures vanquished.

Vanquished Creatures (others)
  8 plants (D:1)
8 creatures vanquished.

Grand Total: 87 creatures vanquished

Notes
Turn   | Place    | Note
-------+----------+-------------------------------------------
     0 | D:1      | Petya the Minotaur Hunter began the quest for the Orb.
     0 | D:1      | Reached XP level 1. HP: 18/18 MP: 0/0
   197 | D:1      | Reached XP level 2. HP: 25/25 MP: 1/1
   407 | D:1      | Reached skill level 5 in Ranged Weapons
   842 | D:2      | Reached XP level 3. HP: 30/30 MP: 2/2
  1214 | D:2      | Reached skill level 6 in Ranged Weapons
  1214 | D:2      | Reached XP level 4. HP: 10/37 MP: 3/3
  1716 | D:3      | Found a snail-covered altar of Cheibriados.
  2092 | D:3      | Found a faded altar of an unknown god.
  2097 | D:3      | Prayed at the altar of an unknown god.
  2097 | D:3      | Became a worshipper of Sif Muna the Loreminder
  2097 | D:3      | Reached * piety under Sif Muna
  2298 | D:3      | Reached XP level 5. HP: 20/42 MP: 4/4
  2720 | D:3      | Noticed drugrobin's ghost (weakling DgDe)
  2743 | D:3      | Reached skill level 7 in Ranged Weapons
  2826 | D:3      | Found a runed translucent door.
  3054 | D:3      | Killed drugrobin's ghost
  3162 | D:3      | Identified a scroll of acquirement
  3162 | D:3      | Acquired the ring "Xamij" {rPois rCorr Dex-5 Stlth+}
  3668 | D:4      | Found Byfulac's Assorted Antiques.
  3678 | D:4      | Reached skill level 8 in Ranged Weapons
  3678 | D:4      | Reached XP level 6. HP: 34/50 MP: 5/5
  3682 | D:4      | Reached ** piety under Sif Muna
  4445 | D:5      | Entered Level 5 of the Dungeon
  4507 | D:5      | Noticed a two-headed ogre
  4525 | D:5      | Mangled by a two-headed ogre

Illustrated notes

Levels and vault maps discovered:
D:1:      minmay_arrival_diagonal_passages, layout_rooms, minmay_misc_feat_five,
          chequers_serial_rivers_large_a, lexackson_kobold_supper
D:2:      layout_loops_cross, kennysheep_cross_room
D:3:      layout_loops_ring, cheibriados_altar_1,
          hellmonk_ecumenical_altar_leap_of_faith,
          hellmonk_ghost_happy_afterlife, minmay_pentangle
D:4:      layout_loops_corners, serial_shops, nicolae_stop_n_shop_1,
          kennysheep_windowed_goal
D:5:      layout_basic, marbit_many_paths, lemuel_crystal_altar,
          gup_sewer_entry_bubbles, uniq_pikel, uniq_crazy_yiuf_cottage,
          uniq_blork_the_orc, uniq_sigmund

Skill      XL: |  1  2  3  4  5 |
---------------+----------------+-----
Ranged Weapons | 5 6 8 |  8.5
Fighting       | |  2.5
Dodging        | |  2.2
Stealth        | |  0.8

Action                   |  1- 3 |  4- 6 || total
-------------------------+-------+-------++-------
Melee: Shortbow          |       |     4 ||     4
 Fire: Shortbow          |    79 |   162 ||   241
  Use: Scroll            |       |    11 ||    11
       Potion            |       |    11 ||    11
Armor: Leather armour    |     2 |       ||     2
       Chain mail        |     3 |   103 ||   106
       Skin              |       |     7 ||     7
Dodge: Dodged            |    18 |    51 ||    69

Table legend: (Time is in decaauts)
 A = Elapsed time spent in this place.
 B = Non-inter-level travel time spent in this place.
 C = Inter-level travel time spent in this place.
 D = Time resting spent in this place.
 E = Time spent auto-exploring this place.
 F = Levels seen in this place.
 G = Mean time per level.
                   A        B        C        D        E       F      G
               +--------+--------+--------+--------+--------+-----+--------+
         Total |   4683 |   4505 |    178 |    416 |   3328 |   5 |  936.6 |
       Dungeon |   4683 |   4505 |    178 |    416 |   3328 |   5 |  936.6 |
               +--------+--------+--------+--------+--------+-----+--------+

Top non-repeatable levels by time:
     D:3: 1392 daAuts
     D:4: 1270 daAuts
     D:2: 1193 daAuts
     D:1: 734 daAuts
     D:5: 92 daAuts
